 Dungeon Crawl Stone Soup version 0.27.1-1-g398f81649c (webtiles) character file.

Game seed: 15545869610701882527

0 CyberSicko the Ducker (level 1, -13/22 HPs)
             Began as a Troll Berserker on Sept 18, 2021.
             Was a Follower of Trog.
             Killed by an exploding goblin (35 damage)
             ... ignited by their inner flame
             ... on level 1 of the Dungeon.
             The game lasted 00:01:43 (108 turns).

CyberSicko the Ducker (Troll Berserker)              Turns: 108, Time: 00:01:44

Health: -13/22     AC:  4    Str: 24    XL:     1   Next: 0%
Magic:  0/0        EV: 10    Int:  3    God:    Trog [*.....]
Gold:   0          SH:  0    Dex:  9    Spells: 0/0 levels left

rFire    . . .     SeeInvis .   a - +0 hand axe
rCold    . . .     Faith    .   (no shield)
rNeg     . . .     Spirit   .   b - +0 animal skin
rPois    .         Reflect  .   (helmet restricted)
rElec    .         Harm     .   (no cloak)
rCorr    .         Rampage  .   (gloves unavailable)
Will     .....                  (boots unavailable)
Stlth    +.........             (no amulet)
HPRegen  1.07/turn              (no ring)
MPRegen  0.07/turn              (no ring)

@: no status effects
A: large, unfitting armour, claws 3, regeneration 1, shaggy fur 1, tough skin 1
a: Renounce Religion, Berserk


You were on level 1 of the Dungeon.
You worshipped Trog.
Trog was aware of your devotion.
You visited 1 branch of the dungeon, and saw 1 of its levels.

Inventory:

Hand Weapons
 a - a +0 hand axe (weapon)
Armour
 b - a +0 animal skin (worn)
Scrolls
 d - 2 scrolls of immolation
Potions
 c - a potion of attraction {unknown}


   Skills:
 + Level 2.4 Fighting
 + Level 2.4 Axes
 + Level 2.4 Dodging


You couldn't memorise any spells.
You didn't know any spells.
Your spell library was empty.

Dungeon Overview and Level Annotations

Branches:
Dungeon (1/15)

Altars:


Innate Abilities, Weirdness & Mutations

You are too large for most types of armour.
You have claws for hands.
Your natural rate of healing is unusually fast.
You are covered in fur. (AC +1)
You have tough skin. (AC +1)


Message History

Press: ? - help, v - describe, . - travel A granite statue.
You open the door.
There is an open door here.
You open the door.
There is an open door here.
Found a puce potion.
c - a puce potion
Found 3 scrolls labelled CASATIJU SORAM.
d - 3 scrolls labelled CASATIJU SORAM You open the door.
There is an open door here.
You open the door.
There is an open door here.
Press: ? - help, v - describe, . - travel A rock wall.
A goblin comes into view. It is wielding a +0 dagger.
As you read the scroll labelled CASATIJU SORAM, it crumbles to dust.
The creatures around you are filled with an inner flame!
It was a scroll of immolation.
Press: ? - help, v - describe, . - travel
Here: a goblin, wielding a +0 dagger (inner flame)
The floor.
Press: ? - help, v - describe, . - travel
Here: a goblin, wielding a +0 dagger (inner flame)
The floor.
A goblin is nearby!
Press: ? - help, v - describe, . - travel
Here: a goblin, wielding a +0 dagger (inner flame)
The floor.
Press: ? - help, v - describe, . - travel
Here: a goblin, wielding a +0 dagger (inner flame)
The floor.
There is an open door here.
You slash the goblin! Trog accepts your kill.
The goblin explodes!
The fiery explosion engulfs you!!
Ouch! That really hurt!
You die...

#....... # #..... # #...
# ##############.####+# #
#...................# #
#.############.##...# #
#............#..'...+ #
###.....####.####...#####
+.....@ยงยง..............
#.....####...........#.
#.....# ###....####.#.
#.....# #.##+#'##...#.
#.....# #.#.....#...#.
#.....# #.#.....#...#.
#.....# #.#..8..#...#.
#.....####.#.....#...#.
#.....'..#.#..<..#...#.


There were no monsters in sight!

Vanquished Creatures
  A goblin (D:1)
1 creature vanquished.

Notes
Turn   | Place    | Note
-------+----------+-------------------------------------------
     0 | D:1      | CyberSicko the Troll Berserker began the quest for the Orb.
     0 | D:1      | Reached XP level 1. HP: 22/22 MP: 0/0
   108 | D:1      | Killed by an exploding goblin... ignited by their inner
                  | flame

Illustrated notes

Levels and vault maps discovered:
D:1:      minmay_arrival_solitary_statue, layout_basic,
          hellmonk_ecumenical_altar_crossroads

Action                   || total
-------------------------++-------
Melee: Hand axe          ||     1
  Use: Scroll            ||     1
